 Dungeon Crawl Stone Soup version 0.20.1-1-g8b1a95d (webtiles) character file.

515 mmigdal the Cudgeler (level 7, -2/54 HPs)
             Began as a Demonspawn Abyssal Knight on Nov 1, 2017.
             Was a Believer of Lugonu.
             Slain by Blork the orc
             ... wielding a +3 trident
              (5 damage)
             ... on level 6 of the Dungeon.
             The game lasted 00:27:32 (4849 turns).

mmigdal the Cudgeler (Demonspawn Abyssal Knight)    Turns: 4849, Time: 00:27:33

Health: -2/54      AC:  9    Str: 17    XL:     7   Next: 0%
Magic:  8/8        EV: 11    Int: 13    God:    Lugonu [**....]
Gold:   216        SH:  7    Dex: 12    Spells: 6/6 levels left

rFire    + . .     SeeInvis .   t - +5 flail (protect)
rCold    + . .     Gourm    .   B - +0 shield
rNeg     . . .     Faith    .   u - +0 scale mail
rPois    .         Spirit   .   (helmet restricted)
rElec    .         Reflect  .   x - +0 cloak
rCorr    .         Harm     .   (no gloves)
MR       .....                  k - +0 pair of boots (curse)
Stlth    ..........             g - amulet of rage
Regen    0.2/turn               j - +4 ring of evasion
MPRegen  0.2/turn               A - ring of protection from fire

@: no status effects
A: horns 1, cold resistance 1, low mp 1, powered by pain 1, strong 1, wild magic
1
a: Depart the Abyss, Bend Space, Renounce Religion, Evoke Berserk Rage


You were on level 6 of the Dungeon.
You worshipped Lugonu.
Lugonu was pleased with you.
You were not hungry.

You visited 2 branches of the dungeon, and saw 7 of its levels.
You visited the Abyss 1 time.

You collected 216 gold pieces.

Inventory:

Hand Weapons
 a - a +1 mace
 t - a +5 flail of protection (weapon)
Missiles
 f - 71 stones (quivered)
 s - 13 sling bullets
Armour
 k - a cursed +0 pair of boots (worn)
 u - a +0 scale mail (worn)
 x - a +0 cloak (worn)
 B - a +0 shield (worn)
Jewellery
 g - an amulet of rage (around neck)
 j - a +4 ring of evasion (left hand)
 m - an uncursed ring of positive energy
 A - a ring of protection from fire (right hand)
Scrolls
 b - 3 scrolls of amnesia
 e - a scroll of recharging {unknown}
 i - a scroll of magic mapping
 n - 3 scrolls of remove curse {unknown}
 o - a scroll of fear {unknown}
 r - 3 scrolls of teleportation
 y - a scroll of enchant armour {unknown}
Potions
 d - a potion of agility
 h - 2 potions of flight
 p - a potion of heal wounds {unknown}
Comestibles
 c - 3 bread rations
 l - 2 meat rations
 w - a royal jelly
 z - a fruit


   Skills:
 + Level 4.2 Fighting
 + Level 4.4 Maces & Flails
 + Level 2.7 Throwing
 + Level 2.9 Armour
 + Level 1.6 Dodging
 + Level 1.0 Stealth
 + Level 2.7 Invocations


You had 6 spell levels left.
You didn't know any spells.

Dungeon Overview and Level Annotations

Branches:
Dungeon (6/15)             Temple (1/1) D:4

Altars:
Ashenzari
Dithmenos
Elyvilon
Fedhas
Gozag
Hepliaklqana
Makhleb
Nemelex Xobeh
Okawaru
Qazlal
Sif Muna
Trog
Uskayaw
Vehumet
Xom
Yredelemnul
Zin
The Shining One
Lugonu

Shops:
D:6 *

Annotations:
D:6 Blork the orc, Edmund


Innate Abilities, Weirdness & Mutations

You have a pair of small horns on your head.
You sometimes gain a little power by taking damage.
Your flesh is cold resistant. (rC+)
Your magical capacity is low. (-10% MP)
Your muscles are strong. (Str +2)
Your spells are a little harder to cast, but a little more powerful.


Message History

There is a stone staircase leading down here.
You feel sick.
You fail to use your ability.
You feel sick.
The adder bites you but does no damage. x2
Something hits you but does no damage.
The leopard gecko hisses menacingly.
You block the adder's attack.
You feel sick. The adder closely misses you. Something hits you!
* * * LOW HITPOINT WARNING * * *
It was a potion of curing.
You feel better. Something hits you!
* * * LOW HITPOINT WARNING * * *
The adder bites you.
* * * LOW HITPOINT WARNING * * *
You are poisoned.
The adder poisons you!
You feel sick.
You feel better. Something hits you!
* * * LOW HITPOINT WARNING * * *
The adder closely misses you. Something hits you.
You die...

...# ##.. .....####...
........... ####..##
..........####......##
....................#
#..................###
#..........###......#
#....l.@## #........
#...@S#..####........
#....##>..##......$._
#....####...........##
#.....##
##........####
.........###.......##
# ....##............##
# ...# ###...........#
# ... #.....#.........
.####.@..####.......


You could see Edmund, an adder and a leopard gecko.

Vanquished Creatures
  Eustachio (D:5)
  A phantom (D:4)
  2 orc priests (D:4)
  A hound (D:4)
  2 worker ants (D:4)
  3 gnolls (D:2)
  2 adders
  2 ufetubi (Abyss:1)
  An adder skeleton (D:5)
  7 worms
  A dart slug (D:1)
  2 leopard geckos (D:2)
  4 orcs (D:4)
  6 giant cockroaches
  8 hobgoblins
  5 jackals
  A quokka (D:3)
  2 ball pythons
  4 bats
  7 frilled lizards
  5 goblins
  3 kobolds
  A leopard gecko skeleton (D:4)
  7 rats
  A demonic plant (Temple)
79 creatures vanquished.

Notes
Turn   | Place    | Note
-------+----------+-------------------------------------------
     0 | Abyss:1  | mmigdal the Demonspawn Abyssal Knight began the quest for the Orb.
     0 | Abyss:1  | Reached XP level 1. HP: 18/18 MP: 2/2
    14 | Abyss:1  | Found a corrupted altar of Lugonu.
   246 | Abyss:1  | Reached skill level 1 in Dodging
   246 | Abyss:1  | Gained mutation: You sometimes gain a little power by taking damage. [demonic ancestry]
   246 | Abyss:1  | Reached XP level 2. HP: 9/24 MP: 3/3
   496 | D:1      | Escaped the Abyss
   709 | D:1      | Reached * piety under Lugonu
   891 | D:1      | Reached XP level 3. HP: 19/30 MP: 5/5
  1494 | D:2      | Found a stormy altar of Qazlal.
  1594 | D:2      | Found a hazy altar of Hepliaklqana.
  1827 | D:2      | Found a shattered altar of Ashenzari.
  1910 | D:2      | Reached XP level 4. HP: 27/37 MP: 6/6
  1912 | D:2      | Reached ** piety under Lugonu
  2584 | D:3      | Found a shadowy altar of Dithmenos.
  2938 | D:3      | Found a glowing golden altar of the Shining One.
  2941 | D:3      | Noticed an angel
  3070 | D:3      | Found a basalt altar of Yredelemnul.
  3073 | D:3      | Noticed a profane servitor
  3132 | D:3      | Gained mutation: Your muscles are strong. (Str +2) [potion of mutation]
  3132 | D:3      | Gained mutation: Your magical capacity is low. (-10% MP) [potion of mutation]
  3132 | D:3      | Gained mutation: Your spells are a little harder to cast, but a little more powerful. [potion of mutation]
  3132 | D:3      | Gained mutation: Your flesh is cold resistant. (rC+) [potion of mutation]
  3216 | D:4      | Noticed a phantom
  3251 | D:4      | Killed a phantom
  3251 | D:4      | Reached skill level 1 in Throwing
  3251 | D:4      | Reached XP level 5. HP: 42/42 MP: 6/6
  3681 | D:4      | Reached XP level 6. HP: 44/48 MP: 7/7
  3710 | D:4      | Found a staircase to the Ecumenical Temple.
  3721 | Temple   | Entered the Ecumenical Temple
  3956 | D:4      | Found a burning altar of Makhleb.
  4165 | D:4      | Found a shimmering altar of Xom.
  4269 | D:5      | Entered Level 5 of the Dungeon
  4391 | D:5      | Noticed Eustachio
  4405 | D:5      | Killed Eustachio
  4405 | D:5      | Reached skill level 1 in Stealth
  4637 | D:5      | Gained mutation: You have a pair of small horns on your head. [demonic ancestry]
  4637 | D:5      | Reached XP level 7. HP: 52/54 MP: 8/8
  4690 | D:5      | Noticed Edmund
  4779 | D:6      | Found a sparkling altar of Nemelex Xobeh.
  4803 | D:6      | Found Ovotew's General Store.
  4804 | D:6      | Noticed Blork the orc
  4849 | D:6      | Slain by Blork the orc

Skill      XL: |  1  2  3  4  5  6 |
---------------+-------------------+-----
Armour         | 2 |  2.9
Dodging        | 1 |  1.6
Maces & Flails | 2 3 4 |  4.4
Fighting       | 4 |  4.2
Throwing       | 1 2 |  2.7
Stealth        | 1 |  1.0
Invocations    | |  2.7

Action                   |  1- 3 |  4- 6 |  7- 9 || total
-------------------------+-------+-------+-------++-------
Melee: Mace              |   105 |     6 |       ||   111
       Flail             |       |   133 |     5 ||   138
       Headbutt          |       |       |     1 ||     1
Throw: Stone             |    56 |    88 |       ||   144
Invok: Depart the Abyss  |     1 |       |       ||     1
       Bend Space        |       |       |     1 ||     1
 Abil: Evoke Berserk Rag |     1 |       |       ||     1
  Use: Scroll            |       |    10 |       ||    10
       Potion            |       |     1 |     2 ||     3
  Eat: Bread ration      |     1 |       |     1 ||     2
       Chunk             |       |     8 |       ||     8
Armor: Leather armour    |    27 |     3 |       ||    30
       Scale mail        |       |    43 |    10 ||    53
Dodge: Dodged            |    70 |    78 |    15 ||   163
Block: Shield            |       |       |    12 ||    12
